 Dungeon Crawl Stone Soup version 0.31-a0-202-g547052bce9 (webtiles) character file.

Game seed: 6334896848664360528

14198 ketsa the Thaumaturge (level 11, -13/61 HPs)
             Began as a Deep Elf Necromancer on June 26, 2023.
             Was an Elder of Kikubaaqudgha.
             Mangled by a polar bear (16 damage)
             ... on level 1 of the Orcish Mines.
             The game lasted 01:35:28 (15006 turns).

ketsa the Thaumaturge (Deep Elf Necromancer)       Turns: 15006, Time: 01:35:29

Health: -13/61     AC:  6    Str:  8    XL:     11   Next: 85%
Magic:  24/30      EV: 15    Int: 25    God:    Kikubaaqudgha [****..]
Gold:   1351       SH:  6    Dex: 15    Spells: 1/37 levels left

rFire   . . .        v - +4 dagger of Jocui {freeze, Fragile rN+ Str+3 SInv}
rCold   . . .        Y - +2 buckler
rNeg    + . .        a - +0 robe
rPois   .            l - +0 helmet
rElec   .            K - scarf {repulsion}
rCorr   .            M - +1 pair of gloves
SInv    +            k - +0 pair of boots
Will    ++...        s - amulet of regeneration
Stlth   +++          G - ring of willpower
HPRegen 1.10/turn    (no ring)
MPRegen 0.22/turn

%: repel missiles
@: no status effects
A: no striking features
a: Renounce Religion, Unearth Wretches


You were on level 1 of the Orcish Mines.
You worshipped Kikubaaqudgha.
Kikubaaqudgha was greatly pleased with you.
You visited 4 branches of the dungeon, and saw 14 of its levels.

You collected 1351 gold pieces.

Inventory:

Hand Weapons
 i - a +0 short sword
 p - a +0 dagger of draining
 v - the +4 dagger of Jocui (weapon) {freeze, Fragile rN+ Str+3 SInv}
   (You took it off an orc on level 10 of the Dungeon)

   Str:       It affects your strength (+3).
   rN:        It protects you from negative energy.
   SInv:      It lets you see invisible.
   Fragile:   It will be destroyed if unequipped.
 C - a +0 dagger of flaming
 F - a +2 short sword of speed
 N - a +4 short sword of flaming
Missiles
 B - 9 poisoned darts
 R - a boomerang
Armour
 a - a +0 robe (worn)
 k - a +0 pair of boots (worn)
 l - a +0 helmet (worn)
 y - a +1 leather armour of positive energy
 K - a scarf of repulsion (worn)
 M - a +1 pair of gloves (worn)
 Y - a +2 buckler (worn)
Magical Staves
 T - a staff of fire
 X - a staff of cold
Jewellery
 r - an amulet of the acrobat
 s - an amulet of regeneration (around neck)
 G - a ring of willpower (left hand)
 O - an amulet of magic regeneration
Wands
 J - a wand of digging (5)
 P - a wand of flame (7)
 U - a wand of mindburst (3)
Scrolls
 e - 10 scrolls of teleportation
 g - a scroll of revelation {unknown}
 j - a scroll of vulnerability {unknown}
 m - 4 scrolls of fog
 u - a scroll of enchant armour {unknown}
 w - a scroll of immolation {unknown}
 x - 2 scrolls of poison
 D - a scroll of amnesia {unknown}
 H - a scroll of acquirement {unknown}
 I - a scroll of enchant weapon {unknown}
 Q - a scroll of brand weapon
 S - a scroll of fear {unknown}
 V - a scroll of butterflies {unknown}
Potions
 b - 3 potions of magic
 c - 2 potions of might
 d - a potion of ambrosia
 f - 2 potions of heal wounds
 h - 3 potions of curing
 n - a potion of enlightenment {unknown}
 o - 2 potions of attraction
 q - 3 potions of mutation
 t - a potion of lignification {unknown}
 z - 2 potions of invisibility {unknown}
 A - a potion of cancellation {unknown}
 E - 2 potions of degeneration {unknown}
 L - a potion of brilliance {unknown}
Miscellaneous
 W - a box of beasts


   Skills:
 - Level 4.0 Fighting
 + Level 5.1 Short Blades
 - Level 7.2 Dodging
 - Level 5.0 Stealth
 * Level 2.3 Shields
 + Level 13.5 Spellcasting
 - Level 6.0 Hexes
 - Level 11.2 Necromancy
 - Level 5.0 Ice Magic
 - Level 6.0 Air Magic
 * Level 3.2 Earth Magic


You had one spell level left.
You knew the following spells:

 Your Spells              Type           Power      Damage    Failure   Level
a - Necrotise             Necr           100%       1d9       1%          1
b - Vampiric Draining     Necr           64%        2d10      1%          3
c - Animate Dead          Necr           64%        N/A       1%          4
d - Sublimation of Blood  Necr           64%        N/A       1%          2
e - Agony                 Necr           64%        N/A       1%          5
f - Swiftness             Air            47%        N/A       1%          3
g - Ensorcelled Hibernat  Hex/Ice        88%        N/A       1%          2
h - Tukima's Dance        Hex            46%        N/A       1%          3
i - Dispel Undead         Necr           64%        3d22      1%          4
j - Anguish               Hex/Necr       28%        N/A       1%          4
k - Borgnjor's Vile Clut  Necr/Erth      26%        N/A       8%          5

Your spell library contained the following spells:

 Spells                   Type           Power      Damage    Failure   Level
 Kiss of Death            Conj/Necr      100%       2d13      1%          1
 Apportation              Tloc           32%        N/A       5%          1
 Passwall                 Tmut/Erth      20%        N/A       4%          2
 Inner Flame              Hex/Fire       31%        N/A       4%          3
 Portal Projectile        Hex/Tloc       62%        N/A       4%          3
 Lesser Beckoning         Tloc           32%        N/A       9%          2
 Gell's Gravitas          Tloc           16%        N/A       16%         3
 Teleport Other           Tloc           16%        N/A       16%         3
 Summon Ice Beast         Ice/Summ       29%        N/A       19%         4
 Summon Mana Viper        Hex/Summ       31%        N/A       41%         5
 Flame Wave               Conj/Fire      16%        2d7       47%         4
 Sticky Flame             Conj/Fire      16%        2d4       47%         4
 Alistair's Intoxication  Tmut/Pois      10%        N/A       83%         5
 Blade Hands              Tmut           8%         N/A       83%         5
 Monstrous Menagerie      Summ           8%         N/A       100%        7


Dungeon Overview and Level Annotations

Branches:
Dungeon (11/15)            Temple (1/1) D:6            Lair (1/5) D:10
    Orc (1/2) D:10

Altars:
Ashenzari
Cheibriados
Dithmenos
Elyvilon
Fedhas
Gozag
Hepliaklqana
Kikubaaqudgha
Makhleb
Nemelex Xobeh
Okawaru
Qazlal
Ru
Sif Muna
Trog
Uskayaw
Vehumet
Wu Jian
Xom
Yredelemnul
Zin
The Shining One

Portals:
Ice
Cave: Orc:1


Message History

The blast of cold hits your troll zombie!
Your troll zombie resists.
The ice dragon is wracked by anguish!!
Your ogre zombie barely misses the ice dragon.
You hear an angry growl.
You barely miss the ice dragon.
The ice dragon is almost dead.
The ice dragon misses you. The ice dragon claws you.
The ice dragon is wracked by anguish.
The ice dragon tramples you!
You hold your ground!
The ice dragon is wracked by anguish!
You hit the ice dragon but do no damage.
The ice dragon is almost dead.
The ice dragon misses you. You block the ice dragon's attack.
The ice dragon closely misses you.
Your ogre zombie hits the ice dragon.
You barely miss the ice dragon.
The ice dragon is almost dead.
The ice dragon breathes frost at you. The blast of cold hits you!!!
Ouch! That really hurt!
* * * LOW HITPOINT WARNING * * *
The blast of cold hits your orc sorcerer zombie!
Your orc sorcerer zombie resists.
The blast of cold hits your troll zombie!
Your troll zombie resists.
The ice dragon is wracked by anguish!!!
The ice dragon dies!
Kikubaaqudgha accepts your kill.
The ice dragon scales are intact enough to wear.
You hear a howl!
Your Earth Magic skill increases to level 3!
The polar bear closely misses you. x2; The polar bear claws you.
* * * LOW HITPOINT WARNING * * *
The polar bear is wracked by anguish.
Things that are here:
+0 ice dragon scales; an ice dragon corpse You barely miss the polar bear.
The polar bear is severely wounded.
The polar bear bites you!
You die...
Kikubaaqudgha rasps: "You have failed me!
Welcome... death!"

.. h## h. .# ##†# #.## ###
##.## ##.## ##.####...## ###
#..h@Z.Z...## ###.##
##.##Z#.....#
###....####...#ZZ.....#
##.....Z#..#..#.......##
#......ZZ............##
###.###..........#...## #ZZ##
#.#.#..#........###
.ZZ.##.............#.#..##
.Z^..#...................####


You could see a polar bear (ally target, anguished), 2 friendly orc warrior
zombies, a friendly orc sorcerer zombie, a friendly ogre zombie and a friendly
troll zombie.

Vanquished Creatures
  A two-headed ogre (D:11)
  A tengu warrior (D:10)
  A manticore (D:11)
  2 elephants (Lair:1)
  3 komodo dragons (Lair:1)
  A vampire (D:11)
  2 wraiths (D:10)
  10 yaks
  A wyvern (D:9)
  Menkaure (D:7)
  An acid dragon (D:11)
  Duvessa (D:7)
  6 orc warriors
  2 sky beasts (D:8)
  2 black bears (D:6)
  An ice beast (D:6)
  2 wolves (Orc:1)
  2 centaurs
  An ogre (Orc:1)
  A kobold brigand (D:10)
  5 bullfrogs
  2 wights
  Dowan (D:7)
  13 killer bees
  2 hounds
  3 jellies
  8 orc priests
  2 gnoll boudas
  2 sleepcaps
  3 iguanas
  10 orc wizards
  12 gnolls
  5 adders
  A white imp (D:5)
  An ufetubus (D:5)
  A worm (D:4)
  A dart slug (D:1)
  41 orcs
  7 bats
  7 endoplasms
  4 giant cockroaches
  8 goblins
  6 hobgoblins
  7 quokkas
  6 ball pythons
  3 frilled lizards
  9 kobolds
  6 rats
218 creatures vanquished.

Vanquished Creatures (collateral kills)
  A two-headed ogre (D:8)
  An orc sorcerer (Orc:1)
  An elephant (Lair:1)
  A cyclops (D:11)
  A komodo dragon (Lair:1)
  2 yaks
  A wraith (D:10)
  A warg (Orc:1)
  A water moccasin (Lair:1)
  An ice beast (D:5)
  A black bear (D:7)
  2 ogres (Orc:1)
  A bullfrog (D:7)
  2 gnoll sergeants (D:11)
  8 wights
  8 killer bees
  A jelly (D:7)
  A gnoll bouda (Orc:1)
  An orc priest (D:9)
  3 orc wizards
  8 gnolls
  24 orcs
  2 goblins (D:2)
  A quokka (D:2)
  A ball python (D:1)
  A frilled lizard (D:2)
  2 kobolds (D:10)
  A rat (D:2)
79 creatures vanquished.

Vanquished Creatures (others)
  An ice dragon (Orc:1)
  A two-headed ogre (D:11)
  2 cane toads (Lair:1)
  2 trolls
  A yak (D:5)
  2 wargs (Orc:1)
  A cane toad zombie (Lair:1)
  A two-headed ogre zombie (D:11)
  9 dancing weapons
  2 orc warriors
  2 komodo dragon zombies (Lair:1)
  3 warg zombies (Orc:1)
  A killer bee (D:11)
  An orc wizard (Orc:1)
  6 killer bee zombies (D:9)
  An ice beast zombie (D:6)
  2 gnolls
  An iguana zombie (D:7)
  An elf zombie (D:7)
  5 orcs
  4 gnoll zombies
  A frilled lizard (D:10)
  A frilled lizard zombie (D:11)
  19 orc zombies
70 creatures vanquished.

Grand Total: 367 creatures vanquished

Notes
Turn   | Place    | Note
-------+----------+-------------------------------------------
     0 | D:1      | ketsa the Deep Elf Necromancer began the quest for the Orb.
     0 | D:1      | Reached XP level 1. HP: 10/10 MP: 6/6
   107 | D:1      | Reached skill level 5 in Necromancy
   193 | D:1      | Reached XP level 2. HP: 15/15 MP: 6/8
   892 | D:2      | Reached XP level 3. HP: 19/19 MP: 7/10
  1142 | D:2      | You fall into a shaft and drop 2 floors!
  1158 | D:4      | Reached skill level 4 in Spellcasting
  1250 | D:4      | Reached XP level 4. HP: 24/24 MP: 8/12
  1455 | D:3      | Found an ancient bone altar of Kikubaaqudgha.
  1464 | D:3      | Became a worshipper of Kikubaaqudgha
  1794 | D:3      | Reached XP level 5. HP: 25/28 MP: 9/14
  2492 | D:2      | Learned a level 3 spell: Vampiric Draining
  2506 | D:2      | Reached skill level 5 in Spellcasting
  2879 | D:4      | Reached * piety under Kikubaaqudgha
  2879 | D:4      | Received a gift from Kikubaaqudgha
  3098 | D:4      | Found a shimmering blue altar of Sif Muna.
  3194 | D:4      | Reached XP level 6. HP: 31/32 MP: 10/15
  3692 | D:5      | Entered Level 5 of the Dungeon
  4183 | D:5      | Noticed an ice beast
  4193 | D:5      | Learned a level 4 spell: Animate Dead
  4246 | D:5      | Killed an ice beast
  4247 | D:5      | Reached skill level 6 in Spellcasting
  4247 | D:5      | Reached XP level 7. HP: 22/36 MP: 9/18
  4342 | D:5      | Found a basalt altar of Yredelemnul.
  4705 | D:5      | Found a white marble altar of Elyvilon.
  4927 | D:6      | Reached skill level 5 in Stealth
  5189 | D:6      | Found a staircase to the Ecumenical Temple.
  5370 | D:6      | Reached skill level 5 in Dodging
  5451 | D:6      | Reached skill level 7 in Spellcasting
  5451 | D:6      | Reached XP level 8. HP: 10/41 MP: 8/20
  5453 | D:6      | Reached ** piety under Kikubaaqudgha
  5910 | D:7      | Reached skill level 8 in Spellcasting
  5913 | D:7      | Learned a level 2 spell: Sublimation of Blood
  5919 | D:7      | Learned a level 5 spell: Agony
  5923 | D:7      | Learned a level 3 spell: Swiftness
  6095 | D:7      | Reached skill level 1 in Air Magic
  6401 | D:7      | Reached skill level 1 in Short Blades
  6402 | D:7      | Reached skill level 1 in Fighting
  6558 | Temple   | Entered the Ecumenical Temple
  6657 | D:7      | Noticed Duvessa
  6661 | D:7      | Noticed Dowan
  6666 | D:7      | Killed Duvessa
  6677 | D:7      | Killed Dowan
  6836 | D:7      | Noticed Menkaure
  6853 | D:7      | Killed Menkaure
  6904 | D:7      | Your ally Dowan died
  6905 | D:7      | Reached XP level 9. HP: 36/48 MP: 19/23
  7084 | D:8      | Learned a level 2 spell: Ensorcelled Hibernation
  7088 | D:8      | Learned a level 3 spell: Tukima's Dance
  7315 | D:8      | Found a stormy altar of Qazlal.
  7368 | D:8      | Reached skill level 1 in Hexes
  7504 | D:8      | Noticed a two-headed ogre
  7514 | D:8      | Killed a two-headed ogre
  7515 | D:8      | Reached skill level 9 in Spellcasting
  7515 | D:8      | Reached skill level 10 in Necromancy
  8446 | D:8      | Reached skill level 1 in Ice Magic
  8795 | D:9      | Reached *** piety under Kikubaaqudgha
  8795 | D:9      | Received a gift from Kikubaaqudgha
  8798 | D:9      | Reached XP level 10. HP: 43/56 MP: 13/25
  8895 | D:9      | Reached skill level 10 in Spellcasting
  9164 | D:9      | Reached skill level 5 in Hexes
  9524 | D:9      | Reached skill level 5 in Short Blades
  9660 | D:10     | Entered Level 10 of the Dungeon
 10307 | D:10     | Learned a level 4 spell: Dispel Undead
 10616 | D:10     | Reached **** piety under Kikubaaqudgha
 10755 | D:10     | Reached skill level 11 in Spellcasting
 11989 | D:10     | Found a staircase to the Lair.
 12051 | D:10     | Found a staircase to the Orcish Mines.
 12087 | D:10     | Reached skill level 5 in Ice Magic
 12301 | D:10     | Reached skill level 5 in Air Magic
 12382 | D:10     | Identified the +4 dagger of Jocui {freeze, Fragile rN+
                  | Str+3 SInv}
 12584 | Lair:1   | Entered Level 1 of the Lair of Beasts
 12662 | Lair:1   | Noticed an elephant
 12668 | Lair:1   | Noticed an elephant
 12670 | Lair:1   | Noticed an elephant
 12671 | Lair:1   | Killed an elephant
 12676 | Lair:1   | Killed an elephant
 12677 | Lair:1   | Reached skill level 12 in Spellcasting
 12677 | Lair:1   | Reached XP level 11. HP: 45/61 MP: 18/29
 12903 | Lair:1   | Learned a level 4 spell: Anguish
 12935 | Lair:1   | Noticed a death yak
 12942 | Lair:1   | Noticed a death yak
 12945 | Lair:1   | Noticed a death yak
 12946 | Lair:1   | Noticed a death yak
 12947 | Lair:1   | Noticed a death yak
 12947 | Lair:1   | Noticed a death yak
 13036 | D:11     | Noticed a two-headed ogre
 13046 | D:11     | Killed a two-headed ogre
 13479 | D:11     | Reached skill level 13 in Spellcasting
 13482 | D:11     | Noticed a two-headed ogre
 13497 | D:11     | Killed a two-headed ogre
 14366 | D:11     | Learned a level 5 spell: Borgnjor's Vile Clutch
 14499 | Orc:1    | Entered Level 1 of the Orcish Mines
 14514 | Orc:1    | Reached skill level 1 in Earth Magic
 14514 | Orc:1    | Noticed an orc sorcerer
 14516 | Orc:1    | Reached skill level 1 in Shields
 14526 | Orc:1    | Killed an orc sorcerer
 14862 | Orc:1    | Found a frozen archway.
 14866 | Orc:1    | Noticed an ice dragon
 15004 | Orc:1    | HP: 3/61 [ice dragon/blast of cold (38)]
 15004 | Orc:1    | Killed an ice dragon
 15006 | Orc:1    | Mangled by a polar bear

Illustrated notes

Levels and vault maps discovered:
D:1:      dpeg_arrival_boxes_within_box, layout_rooms, st_stairs_1
D:2:      layout_rooms, hangedman_decor_push, minmay_fractal_squares_5
D:3:      minmay_recursive_quarters, layout_basic, lemuel_coloured_pillars_altar
D:4:      layout_loops_ring, mainiacjoe_overflow_24_doors
D:5:      layout_gridville, kennysheep_ying_yang
D:6:      layout_loops_cross, minmay_temple_entry_large_hall, grunt_decor_cap
D:7:      layout_layer_cave, uniq_duvessa, uniq_menkaure
D:8:      layout_basic, kennysheep_little_box
D:9:      layout_irregular_city
D:10:     layout_long_grid, lair_entry_dummy, hiddenorc1_lemuel
D:11:     layout_cave_pools
Temple:   sentei_temple_godly_chess
Lair:1:   layout_chaotic_city
Orc:1:    layout_caves, portal_ice_cave_entry_animals_and_master

Skill      XL: |  1  2  3  4  5  6  7  8  9 10 11 |
---------------+----------------------------------+-----
Necromancy     | 5 6 7 8 9 10 11 | 11.2
Spellcasting   | 4 5 6 7 8 9 12 13 | 13.5
Stealth        | 3 4 5 |  5.0
Dodging        | 3 4 5 7 |  7.2
Air Magic      | 3 6 |  6.0
Short Blades   | 2 4 5 |  5.1
Fighting       | 1 3 4 |  4.0
Hexes          | 4 5 6 |  6.0
Ice Magic      | 2 5 |  5.0
Earth Magic    | 3 |  3.2
Shields        | 2 |  2.3

Action                     |  1- 3 |  4- 6 |  7- 9 | 10-12 || total
---------------------------+-------+-------+-------+-------++-------
  Melee: Unarmed           |     3 |       |       |       ||     3
         Short sword       |       |     1 |    92 |   151 ||   244
         Dagger            |       |    14 |    26 |    95 ||   135
         Punch             |       |       |       |     3 ||     3
   Cast: Necrotise         |    63 |   110 |   160 |    59 ||   392
         Vampiric Draining |       |     6 |    33 |    51 ||    90
         Animate Dead      |       |     1 |    14 |    10 ||    25
         Swiftness         |       |       |     1 |     1 ||     2
         Tukima's Dance    |       |       |    13 |    24 ||    37
         Ensorcelled Hiber |       |       |     1 |     2 ||     3
         Agony             |       |       |       |    10 ||    10
         Dispel Undead     |       |       |       |     2 ||     2
         Anguish           |       |       |       |    15 ||    15
 Invoke: Unearth Wretches  |       |     1 |       |     4 ||     5
    Use: Scroll            |     5 |       |     4 |     6 ||    15
         Potion            |       |       |     3 |     1 ||     4
   Stab: Sleeping          |       |     1 |     4 |     3 ||     8
         Paralysed         |       |     1 |       |     4 ||     5
         Distracted        |       |       |     2 |     9 ||    11
 Armour: Robe              |     1 |    13 |    38 |    64 ||   116
  Dodge: Dodged            |     8 |    26 |   138 |   229 ||   401
         Repelled          |       |       |       |     2 ||     2
  Block: Buckler           |       |       |       |    13 ||    13

Table legend: (Time is in decaauts)
 A = Elapsed time spent in this place.
 B = Non-inter-level travel time spent in this place.
 C = Inter-level travel time spent in this place.
 D = Time resting spent in this place.
 E = Time spent auto-exploring this place.
 F = Levels seen in this place.
 G = Mean time per level.
                   A        B        C        D        E       F      G
               +--------+--------+--------+--------+--------+-----+--------+
         Total |  14893 |  14150 |    743 |   4387 |   5291 |  14 | 1063.8 |
       Dungeon |  13987 |  13244 |    743 |   4138 |   5140 |  11 | 1271.5 |
        Temple |     19 |     19 |      0 |      0 |      0 |   1 |   19.0 |
          Lair |    384 |    384 |      0 |    132 |      0 |   1 |  384.0 |
  Orcish Mines |    502 |    502 |      0 |    117 |    151 |   1 |  502.0 |
               +--------+--------+--------+--------+--------+-----+--------+

Top non-repeatable levels by time:
     D:9: 2211 daAuts
    D:10: 1706 daAuts
     D:8: 1573 daAuts
    D:11: 1452 daAuts
     D:5: 1198 daAuts
     D:3: 1152 daAuts
     D:4: 1150 daAuts
     D:6: 1110 daAuts
     D:7: 998 daAuts
     D:1: 789 daAuts
     D:2: 643 daAuts
   Orc:1: 502 daAuts
  Lair:1: 384 daAuts
  Temple: 19 daAuts
